 Dungeon Crawl Stone Soup version 0.24-a0-249-g2af7e83 (webtiles) character file.

Game seed: 15022903221860654654

56 Borgoz the Cutter (level 4, -4/27 HPs)
             Began as a Kobold Gladiator on Apr 14, 2019.
             Killed from afar by an orc wizard (11 damage)
             ... with a puff of frost
             ... on level 3 of the Dungeon.
             The game lasted 00:02:11 (2089 turns).

Borgoz the Cutter (Kobold Gladiator)                Turns: 2089, Time: 00:02:12

Health: -4/27      AC:  4    Str: 12    XL:     4   Next: 15%
Magic:  4/4        EV: 16    Int:  9    God:
Gold:   110        SH:  0    Dex: 16    Spells: 3/3 levels left

rFire    . . .     SeeInvis +   a - +0 rapier
rCold    . . .     Gourm    .   (shield restricted)
rNeg     + . .     Faith    .   b - +0 leather armour
rPois    .         Spirit   .   c - +0 helmet
rElec    .         Reflect  .   (no cloak)
rCorr    .         Harm     .   (no gloves)
MR       .....                  (no boots)
Stlth    ++........             (no amulet)
HPRegen  0.09/turn              h - ring of positive energy
MPRegen  0.09/turn              m - ring of see invisible

@: no status effects
A: small, carnivore
a: no special abilities


You were on level 3 of the Dungeon.
You were completely stuffed.

You visited 1 branch of the dungeon, and saw 3 of its levels.

You collected 110 gold pieces.

Inventory:

Hand Weapons
 a - a +0 rapier (weapon)
Missiles
 d - a throwing net (quivered)
Armour
 b - a +0 leather armour (worn)
 c - a +0 helmet (worn)
Jewellery
 h - a ring of positive energy (left hand)
 m - a ring of see invisible (right hand)
Scrolls
 e - a scroll of immolation {unknown}
 i - a scroll of enchant weapon {unknown}
 j - a scroll of enchant armour {unknown}
 k - a scroll of identify {unknown}
Potions
 g - a potion of heal wounds {unknown}
 l - a potion of haste {unknown}
 n - a potion of mutation {unknown}
 p - a potion of resistance {unknown}
Comestibles
 f - a ration
 o - 4 chunks of flesh


   Skills:
 + Level 2.6 Fighting
 + Level 4.4 Short Blades
 - Level 2.1 Throwing
 * Level 1.4 Armour
 + Level 4.1 Dodging
 + Level 1.7 Stealth


You had 3 spell levels left.
You didn't know any spells.
Your spell library was empty.

Dungeon Overview and Level Annotations

Branches:
Dungeon (3/15)

Altars:


Innate Abilities, Weirdness & Mutations

You are small and have problems with some larger weapons.
You are carnivorous and can eat meat at any time.


Message History

You hit the orc.
The orc is moderately wounded.
The orc wizard casts a spell at you. The puff of flame hits you!
* * * LOW HITPOINT WARNING * * *
Throwing (i - inventory)
d - 2 throwing nets (quivered)
Press: ? - help, Shift-Dir - straight line, f - orc wizard
Aim: an orc wizard, wielding a -3 dagger and wearing a +0 robe You throw a throwing net.
The throwing net hits the orc wizard.
The orc wizard is caught in the net!
The orc closely misses you.
The orc wizard struggles against the net.
You hit the orc wizard.
The orc wizard is moderately wounded.
The orc wizard struggles against the net.
The orc misses you.
You hit the orc wizard.
The orc wizard is moderately wounded.
The orc wizard gestures at you while chanting.
The puff of frost hits you!
You die...

#.......# #.......#
........# #.......#
#......รท#######
......(.......#
#.............#
#...##........# #..
#o@o.....# ..
+........+ #
#........# #........#
.##........#
...........#
.#.........#
...........##
#.....>.....#########


You could see an orc wizard (caught) and an orc.

Vanquished Creatures
  5 leopard geckos
  3 orcs (D:3)
  A ball python (D:1)
  3 giant cockroaches
  5 goblins
  3 hobgoblins
  3 quokkas (D:2)
  7 bats
  4 frilled lizards
  6 kobolds
  7 rats
  A toadstool (D:1)
48 creatures vanquished.

Vanquished Creatures (others)
  3 toadstools (D:1)
3 creatures vanquished.

Grand Total: 51 creatures vanquished

Notes
Turn   | Place    | Note
-------+----------+-------------------------------------------
     0 | D:1      | Borgoz the Kobold Gladiator began the quest for the Orb.
     0 | D:1      | Reached XP level 1. HP: 12/12 MP: 1/1
   413 | D:1      | Reached XP level 2. HP: 17/17 MP: 2/2
   824 | D:1      | Reached skill level 1 in Stealth
   869 | D:1      | Reached XP level 3. HP: 22/22 MP: 3/3
   980 | D:1      | Reached skill level 1 in Armour
  2001 | D:3      | Reached XP level 4. HP: 23/27 MP: 4/4
  2089 | D:3      | Killed from afar by an orc wizard

Levels and vault maps discovered:
D:1:      ldierk_water_garden, layout_basic
D:2:      layout_basic
D:3:      layout_basic, uniq_natasha

Skill      XL: |  1  2  3 |
---------------+----------+-----
Stealth        | 1 |  1.7
Armour         | 1 |  1.4
Dodging        | 4 |  4.1
Fighting       | |  2.6
Short Blades   | |  4.4
Throwing       | |  2.1

Action                   |  1- 3 |  4- 6 || total
-------------------------+-------+-------++-------
Melee: Rapier            |   146 |    30 ||   176
Throw: Throwing net      |     2 |     1 ||     3
 Stab: Sleeping          |     2 |       ||     2
  Eat: Chunk             |    11 |     1 ||    12
Armor: Leather armour    |    23 |     5 ||    28
Dodge: Dodged            |   138 |    32 ||   170

Table legend:
 A = Non-vault XP
 B = Vault XP
 C = Vault XP percentage of total XP
 D = Non-vault monster count
 E = Vault monster count
 F = Vault count percentage of total count
                 A         B        C        D         E       F
            +---------+---------+-------+---------+---------+-------
      Total |      80 |       0 |   0.0 |      47 |       0 |   0.0
            +---------+---------+-------+---------+---------+-------
        D:1 |      34 |       0 |   0.0 |      22 |       0 |   0.0
        D:2 |      30 |       0 |   0.0 |      19 |       0 |   0.0
        D:3 |      16 |       0 |   0.0 |       6 |       0 |   0.0
            +---------+---------+-------+---------+---------+-------
